 Dungeon Crawl Stone Soup version 0.18.1-48-g4cf74bf (webtiles) character file.

115 Aquadorian the Skirmisher (level 4, -8/37 HPs)
             Began as a Demonspawn Abyssal Knight on July 16, 2016.
             Was a Believer of Lugonu.
             Mangled by Sigmund
             ... wielding a +0 scythe of freezing
              (11 damage)
             ... on level 2 of the Dungeon.
             The game lasted 00:10:20 (2240 turns).

Aquadorian the Skirmisher (DsAK)                    Turns: 2240, Time: 00:10:20

Health: -8/37      AC:  6    Str: 12    XL:     4   Next: 68%
Magic:  5/5        EV:  9    Int: 13    God:    Lugonu [**....]
Gold:   77         SH:  0    Dex: 14    Spells: 0 memorised, 3 levels left

rFire  + . .     SeeInvis .       - Unarmed
rCold  . . .     Gourm    .     m - +0 scale mail
rNeg   . . .     Faith    .     (no shield)
rPois  .         Spirit   .     (helmet restricted)
rElec  .         Dismiss  .     (no cloak)
rCorr  .         Reflect  .     (no gloves)
SustAt .         Harm     .     (no boots)
MR     .....     Rnd*Tele +     (no amulet)
Stlth  ..........               (no ring)
                                g - ring of teleportation (curse)

@: not resistant to hostile enchantments, extremely unstealthy
A: antennae 1, fire resistance 1
a: Depart the Abyss, Bend Space, Renounce Religion


You were on level 2 of the Dungeon.
You worshipped Lugonu.
Lugonu was pleased with you.
You were not hungry.

You visited 1 branch of the dungeon, and saw 2 of its levels.
You visited the Abyss 1 time.

You collected 77 gold pieces.

Inventory:

Hand Weapons
 i - a +0 dagger of protection
Missiles
 c - 129 stones (quivered)
 n - 19 sling bullets
Armour
 a - a +0 leather armour
 m - a +0 scale mail (worn)
Jewellery
 g - a cursed ring of teleportation (left hand)
Wands
 o - a wand of iceblast (9/15)
Potions
 e - a potion of mutation {unknown}
 f - 2 potions of curing {unknown}
 h - a potion of heal wounds {unknown}
 k - a potion of magic {unknown}
 l - a potion of degeneration {unknown}
Comestibles
 b - 2 bread rations
 d - 2 fruits
 j - a meat ration
 p - 4 chunks of flesh


   Skills:
 + Level 4.0 Fighting
 - Level 1.7 Armour
 + Level 2.6 Dodging
 - Level 2.6 Unarmed Combat
 - Level 2.4 Invocations


You had 3 spell levels left.
You didn't know any spells.

Dungeon Overview and Level Annotations

Branches:
Dungeon (2/15)

Altars:

Annotations:
D:2 Sigmund


Innate Abilities, Weirdness & Mutations

You have a pair of small antennae on your head.
Your flesh is heat resistant.


Message History

The magic dart hits you!
Found a stone staircase leading down.
You miss something. Something hits you! Something freezes you.
You closely miss something. Something hits you!
* * * LOW HITPOINT WARNING * * *
Something freezes you.
* * * LOW HITPOINT WARNING * * *
Wield which item (- for none, * to show all)? (? for menu, Esc to quit)
You feel less protected.
You are now empty-handed.
You hit something but do no damage. You miss something.
Something hits you but does no damage.
Your scale mail prevents you from hitting something.
You hear some strange, mumbled words.
A magic dart appears from out of thin air!
The magic dart hits you!
* * * LOW HITPOINT WARNING * * *
You hit something. Something hits you but does no damage.
You barely miss something. You hit something. Something hits you!
You die...

###### #..... #.#### ##
#.# .. #.# #. #.# #..
#)# #...######### #.#
#...{@†.....#####.####
>...#.#######...........
# # .........###...###
#######......#..#
######....# ##.#.#
##...## #^....# #......


There were no monsters in sight!

Vanquished Creatures
  Jessica (D:2)
  Ijyb (D:2)
  2 adders (D:2)
  3 oozes (D:1)
  3 giant geckos
  6 bats
  A giant cockroach (D:2)
  2 hobgoblins (D:1)
  A ball python (D:1)
  5 goblins
  3 kobolds (D:1)
  5 rats
33 creatures vanquished.

Notes
Turn   | Place    | Note
--------------------------------------------------------------
     0 | Abyss:1  | Aquadorian the Demonspawn Abyssal Knight began the quest for the Orb.
     0 | Abyss:1  | Reached XP level 1. HP: 18/18 MP: 2/2
    37 | D:1      | Escaped the Abyss
   159 | D:1      | Gained mutation: Your flesh is heat resistant. [demonic ancestry]
   159 | D:1      | Reached XP level 2. HP: 14/24 MP: 3/3
   602 | D:1      | Reached skill level 1 in Dodging
  1282 | D:1      | Gained mutation: You have a pair of small antennae on your head. [demonic ancestry]
  1282 | D:1      | Reached XP level 3. HP: 10/29 MP: 4/4
  1526 | D:1      | Reached ** piety under Lugonu
  1750 | D:2      | Noticed Ijyb
  1819 | D:2      | Killed Ijyb
  2019 | D:2      | Noticed Jessica
  2032 | D:2      | Killed Jessica
  2032 | D:2      | Reached XP level 4. HP: 37/37 MP: 5/5
  2069 | D:2      | Reached skill level 4 in Fighting
  2227 | D:2      | Noticed Sigmund
  2240 | D:2      | Mangled by Sigmund

Skill      XL: |  1  2  3  4 |
---------------+-------------+-----
Unarmed Combat | 2 |  2.6
Dodging        | 1 2 |  2.6
Fighting       | 4 |  4.0
Armour         | |  1.7
Invocations    | |  2.4

Action                   |  1- 3 |  4- 6 || total
-------------------------+-------+-------++-------
Melee: Unarmed           |    31 |     6 ||    37
       Punch             |     1 |       ||     1
       Dagger            |   191 |    43 ||   234
  Use: Scroll            |     1 |       ||     1
  Eat: Fruit             |     1 |       ||     1
       Chunk             |     3 |     1 ||     4
Armor: Leather armour    |    44 |       ||    44
       Scale mail        |    40 |    34 ||    74
Dodge: Dodged            |    92 |    23 ||   115
